MLB
TORONTO BLUE JAYS @ HOUSTON ASTROS
09/07/2026
 
TOP OF THE 1ST
Toronto Blue Jays batting - Pitching for Houston Astros : RHP Eric Guy
Pitching: RHP Eric Guy
Batting: LHB Todd McDonald 0-0: Foul Ball, location: 5F
0-1: SINGLE (Line Drive, 7, EV 88 MPH)
Batting: RHB Tynan Cotto 0-0: Foul Ball, location: 3DF
0-1: Ball
1-1: Ball
2-1: Foul Ball, location: 25FF
2-2: Foul Ball, location: 9LSF
2-2: Strikes out swinging
Batting: LHB Dan Prince 0-0: Called Strike
0-1: Swinging Strike
0-2: Ball
1-2: Fly out, F4 (Popup, 4D, EV 64 MPH)
Batting: LHB Rintaro Ikeda Pickoff Throw to First - Error! E1
Todd McDonald to second
0-0: Called Strike
0-1: Foul Ball, location: 9LMF
0-2: Foul Ball, location: 9LDF
0-2: Ball
1-2: Ball
2-2: Foul Ball, location: 7LDF
2-2: Ball
3-2: Base on Balls
Batting: LHB Alfredo Salinas 0-0: Called Strike
0-1: Ball
1-1: Called Strike
1-2: Foul Ball, location: 2F
1-2: Foul Ball, location: 5FF
1-2: Ball
2-2: Ball
3-2: Fly out, F8 (Flyball, 89M, EV 108 MPH)
Top of the 1st over - 0 runs, 1 hit, 1 error, 2 left on base; Toronto 0 - Houston 0
BOTTOM OF THE 1ST
Houston Astros batting - Pitching for Toronto Blue Jays : LHP Vince McSweeney
Pitching: LHP Vince McSweeney
Batting: RHB Héctor Rivera 0-0: Swinging Strike
0-1: Ball
1-1: Ball
2-1: Ball
3-1: Foul Ball, location: 9LDF
3-2: Strikes out swinging
Batting: RHB Starlin Castro 0-0: Ball
1-0: Foul Ball, location: 2F
1-1: Foul Ball, location: 2F
1-2: Ball
2-2: DOUBLE (Line Drive, W LL, EV 101 MPH)
Batting: RHB Eric Caine 0-0: Ball
1-0: Swinging Strike
1-1: Ball
2-1: Foul Ball, location: 23FF
2-2: Foul Ball, location: 9LMF
2-2: Ball
3-2: Base on Balls
Batting: LHB Devin Jones 0-0: Swinging Strike
0-1: Ball
1-1: Called Strike
1-2: Ball
2-2: Foul Ball, location: 3FF
2-2: Hit by Pitch
Starlin Castro to third
Eric Caine to second
Batting: RHB Tony Holman 0-0: Ball
1-0: Ball
2-0: Swinging Strike
2-1: Swinging Strike
2-2: Ball
3-2: Strikes out looking
Batting: RHB Nelson Gomez 0-0: Ball
1-0: Swinging Strike
1-1: SINGLE (Groundball, 6MD, EV 75 MPH)
Starlin Castro scores
Eric Caine to third
Devin Jones to second
Batting: RHB Augusto Valentín 0-0: Called Strike
0-1: Ball
1-1: Swinging Strike
1-2: Strikes out swinging
Bottom of the 1st over - 1 run, 2 hits, 0 errors, 3 left on base; Toronto 0 - Houston 1
TOP OF THE 2ND
Toronto Blue Jays batting - Pitching for Houston Astros : RHP Eric Guy
Batting: RHB Héctor Rodríguez 0-0: Ball
1-0: Ball
2-0: Called Strike
2-1: Foul Ball, location: 2F
2-2: Ball
3-2: Fly out, F9 (Flyball, 89D, EV 100 MPH)
Batting: LHB Robbie Miller 0-0: Foul Ball, location: 2F
0-1: Foul Ball, location: 3FF
0-2: Ball
1-2: Ball
2-2: Fly out, F7 (Line Drive, 7D, EV 85 MPH)
Batting: LHB Nick Ciuffo 0-0: Called Strike
0-1: Ball
1-1: Swinging Strike
1-2: Ball
2-2: Ball
3-2: Foul Ball, location: 7LDF
3-2: Foul Ball, location: 7LMF
3-2: Strikes out swinging
Top of the 2nd over - 0 runs, 0 hits, 0 errors, 0 left on base; Toronto 0 - Houston 1
BOTTOM OF THE 2ND
Houston Astros batting - Pitching for Toronto Blue Jays : LHP Vince McSweeney
Batting: RHB Ed Simmons 0-0: Ball
1-0: Called Strike
1-1: Called Strike
1-2: Strikes out swinging
Batting: SHB Ricky Aracena 0-0: Called Strike
0-1: Foul Ball, location: 23F
0-2: Strikes out swinging
Batting: RHB Héctor Rivera 0-0: Ball
1-0: Foul Ball, location: 9LDF
1-1: Called Strike
1-2: Foul Ball, location: 5F
1-2: Foul Ball, location: 9LMF
1-2: Ball
2-2: Strikes out swinging
Bottom of the 2nd over - 0 runs, 0 hits, 0 errors, 0 left on base; Toronto 0 - Houston 1
TOP OF THE 3RD
Toronto Blue Jays batting - Pitching for Houston Astros : RHP Eric Guy
Batting: RHB Steve Johnson 0-0: Foul Ball, location: 2F
0-1: Ball
1-1: Ground out 4-3 (Groundball, 4M, EV 69 MPH)
Batting: LHB Todd McDonald 0-0: Ball
1-0: Ball
2-0: Called Strike
2-1: Foul Ball, location: 23FF
2-2: Foul Ball, location: 2F
2-2: Ball
3-2: Fly out, F8 (Flyball, 78M, EV 84 MPH)
Batting: RHB Tynan Cotto 0-0: Swinging Strike
0-1: Foul Ball, location: 9LDF
0-2: Ball
1-2: Strikes out swinging
Top of the 3rd over - 0 runs, 0 hits, 0 errors, 0 left on base; Toronto 0 - Houston 1
BOTTOM OF THE 3RD
Houston Astros batting - Pitching for Toronto Blue Jays : LHP Vince McSweeney
Batting: RHB Starlin Castro 0-0: Called Strike
0-1: Called Strike
0-2: Ball
1-2: Ball
2-2: Strikes out swinging
Batting: RHB Eric Caine 0-0: Fly out, F7 (Flyball, 7, EV 87 MPH)
Batting: LHB Devin Jones 0-0: Swinging Strike
0-1: Foul Ball, location: 25FF
0-2: Ball
1-2: Ball
2-2: Foul Ball, location: 3F
2-2: Ball
3-2: Strikes out looking
Bottom of the 3rd over - 0 runs, 0 hits, 0 errors, 0 left on base; Toronto 0 - Houston 1
TOP OF THE 4TH
Toronto Blue Jays batting - Pitching for Houston Astros : RHP Eric Guy
Batting: LHB Dan Prince 0-0: Swinging Strike
0-1: Swinging Strike
0-2: Strikes out swinging
Batting: LHB Rintaro Ikeda 0-0: Ball
1-0: Foul Ball, location: 9LSF
1-1: Swinging Strike
1-2: Strikes out swinging
Batting: LHB Alfredo Salinas 0-0: Foul Ball, location: 9LMF
0-1: Called Strike
0-2: Ball
1-2: Ball
2-2: DOUBLE (Line Drive, 9LM, EV 96 MPH)
Batting: RHB Héctor Rodríguez 0-0: Called Strike
0-1: Ball
1-1: Foul Ball, location: 9LSF
1-2: Strikes out swinging
Top of the 4th over - 0 runs, 1 hit, 0 errors, 1 left on base; Toronto 0 - Houston 1
BOTTOM OF THE 4TH
Houston Astros batting - Pitching for Toronto Blue Jays : LHP Vince McSweeney
Batting: RHB Tony Holman 0-0: Ball
1-0: Called Strike
1-1: Ball
2-1: Ball
3-1: Base on Balls
Batting: RHB Nelson Gomez 0-0: Ball
1-0: Ground out 6-3 (Groundball, 6S, EV 70 MPH)
Tony Holman to second
Batting: RHB Augusto Valentín 0-0: Foul Ball, location: 2F
0-1: Ball
1-1: Swinging Strike
1-2: SINGLE (Line Drive, 9S, EV 87 MPH)
Tony Holman to third
Batting: RHB Ed Simmons 0-0: Ball
1-0: Ball
2-0: Ball
3-0: 3-RUN HOME RUN (Flyball, 78XD, EV 109 MPH), Distance : 431 ft
Batting: SHB Ricky Aracena 0-0: Ball
1-0: Called Strike
1-1: Ground out 6-3 (Groundball, 6S, EV 99 MPH)
Batting: RHB Héctor Rivera 0-0: Ball
1-0: Ball
2-0: Ball
3-0: Called Strike
3-1: Foul Ball, location: 25F
3-2: Strikes out swinging
Bottom of the 4th over - 3 runs, 2 hits, 0 errors, 0 left on base; Toronto 0 - Houston 4
TOP OF THE 5TH
Toronto Blue Jays batting - Pitching for Houston Astros : RHP Eric Guy
Batting: LHB Robbie Miller 0-0: Ball
1-0: Foul Ball, location: 7LMF
1-1: Ball
2-1: Ball
3-1: Called Strike
3-2: Foul Ball, location: 5F
3-2: Strikes out swinging
Batting: LHB Nick Ciuffo 0-0: Swinging Strike
0-1: Called Strike
0-2: SINGLE (Line Drive, 78M, EV 82 MPH)
Batting: RHB Steve Johnson 0-0: Swinging Strike
Nick Ciuffo steals 2nd base
0-1: Ball
1-1: Foul Ball, location: 9LSF
1-2: Ball
2-2: Reached on error, E6 (Groundball, 6S, EV 54 MPH)
Batting: LHB Todd McDonald 0-0: Swinging Strike
0-1: Called Strike
0-2: Strikes out swinging
Batting: RHB Tynan Cotto 0-0: Ball
1-0: Called Strike
1-1: Ball
2-1: Ball
3-1: Swinging Strike
3-2: Foul Ball, location: 7LSF
3-2: Hit by Pitch
Nick Ciuffo to third
Steve Johnson to second
Batting: LHB Dan Prince 0-0: Foul Ball, location: 7LSF
0-1: Fly out, F8 (Line Drive, 8RM, EV 82 MPH)
Top of the 5th over - 0 runs, 1 hit, 1 error, 3 left on base; Toronto 0 - Houston 4
BOTTOM OF THE 5TH
Houston Astros batting - Pitching for Toronto Blue Jays : LHP Vince McSweeney
Batting: RHB Starlin Castro 0-0: Ball
1-0: Swinging Strike
1-1: Called Strike
1-2: Ball
2-2: Foul Ball, location: 2F
2-2: Ball
3-2: Fly out, F6 (Line Drive, 6, EV 101 MPH)
Batting: RHB Eric Caine 0-0: Ball
1-0: SINGLE (Groundball, 4D, EV 109 MPH)
Batting: LHB Devin Jones 0-0: Ball
1-0: Foul Ball, location: 3F
1-1: 2-RUN HOME RUN (Flyball, 9LD, EV 109 MPH), Distance : 349 ft
Pitching: RHP Pierce Johnson
Batting: RHB Tony Holman 0-0: Foul Ball, location: 3F
0-1: Ball
1-1: Ball
2-1: Foul Ball, location: 23F
2-2: Foul Ball, location: 9LSF
2-2: Fly out, F3 (Popup, 23F, EV 93 MPH)
Batting: RHB Nelson Gomez 0-0: Ball
1-0: Ball
2-0: Called Strike
2-1: Ball
3-1: Foul Ball, location: 2LF
3-2: Base on Balls
Batting: RHB Augusto Valentín 0-0: Ball
1-0: Foul Ball, location: 9LSF
1-1: Ball
Nelson Gomez steals 2nd base
2-1: Ball
3-1: Base on Balls
Batting: RHB Ed Simmons 0-0: Ball
1-0: Ball
2-0: Foul Ball, location: 5F
2-1: Swinging Strike
2-2: Strikes out looking
Bottom of the 5th over - 2 runs, 2 hits, 0 errors, 2 left on base; Toronto 0 - Houston 6
TOP OF THE 6TH
Toronto Blue Jays batting - Pitching for Houston Astros : RHP Eric Guy
Pitching: RHP Bobby Dailey
Batting: LHB Rintaro Ikeda 0-0: Foul Ball, location: 25F
0-1: Ball
1-1: Foul Ball, location: 2F
1-2: Foul Ball, location: 2F
1-2: Strikes out looking
Batting: LHB Alfredo Salinas 0-0: Ball
1-0: Called Strike
1-1: Ball
2-1: Foul Ball, location: 23FF
2-2: Ball
3-2: Strikes out swinging
Batting: RHB Héctor Rodríguez 0-0: Called Strike
0-1: Swinging Strike
0-2: Strikes out looking
Top of the 6th over - 0 runs, 0 hits, 0 errors, 0 left on base; Toronto 0 - Houston 6
BOTTOM OF THE 6TH
Houston Astros batting - Pitching for Toronto Blue Jays : RHP Pierce Johnson
Batting: SHB Ricky Aracena 0-0: DOUBLE (Line Drive, 7LS, EV 87 MPH)
Batting: RHB Héctor Rivera 0-0: Ball
1-0: Ball
2-0: Ball
3-0: Called Strike
3-1: Ground out 6-3 (Groundball, 56, EV 71 MPH)
Batting: RHB Starlin Castro 0-0: Ball
1-0: Ball
2-0: Called Strike
2-1: Ball
3-1: Base on Balls
Batting: RHB Eric Caine 0-0: Ball
Ricky Aracena is caught stealing 3rd base 2-5
1-0: Called Strike
1-1: Foul Ball, location: 2F
1-2: Foul Ball, location: 9LSF
1-2: Fly out, F7 (Flyball, 7S, EV 85 MPH)
Bottom of the 6th over - 0 runs, 1 hit, 0 errors, 1 left on base; Toronto 0 - Houston 6
TOP OF THE 7TH
Toronto Blue Jays batting - Pitching for Houston Astros : RHP Bobby Dailey
Batting: LHB Robbie Miller 0-0: Called Strike
0-1: Foul Ball, location: 23FF
0-2: Ball
1-2: Ball
2-2: Ball
3-2: Base on Balls
Batting: LHB Nick Ciuffo 0-0: Ground out 6-3 (Groundball, 6S, EV 55 MPH)
Robbie Miller to second
Batting: RHB Steve Johnson 0-0: Ball
1-0: Ball
2-0: Ball
3-0: Called Strike
3-1: Foul Ball, location: 9LMFF
3-2: Strikes out looking
Batting: LHB Todd McDonald 0-0: Called Strike
0-1: Foul Ball, location: 2F
0-2: Strikes out swinging
Top of the 7th over - 0 runs, 0 hits, 0 errors, 1 left on base; Toronto 0 - Houston 6
BOTTOM OF THE 7TH
Houston Astros batting - Pitching for Toronto Blue Jays : RHP Pierce Johnson
Batting: LHB Devin Jones 0-0: Ball
1-0: Ball
2-0: Swinging Strike
2-1: Ground out 3-1 (Groundball, 3S, EV 64 MPH)
Batting: RHB Tony Holman 0-0: Ball
1-0: Foul Ball, location: 2F
1-1: Swinging Strike
1-2: Ball
2-2: Ground out 6-3 (Groundball, 6S, EV 63 MPH)
Batting: RHB Nelson Gomez 0-0: Ball
1-0: Swinging Strike
1-1: Ground out 6-3 (Groundball, 6S, EV 53 MPH)
Bottom of the 7th over - 0 runs, 0 hits, 0 errors, 0 left on base; Toronto 0 - Houston 6
TOP OF THE 8TH
Toronto Blue Jays batting - Pitching for Houston Astros : RHP Bobby Dailey
Batting: RHB Tynan Cotto 0-0: Called Strike
0-1: Called Strike
0-2: Ground out 6-3 (Groundball, 6S, EV 65 MPH)
Pitching: RHP José Morán
Batting: LHB Dan Prince 0-0: Called Strike
0-1: Ball
1-1: Hit by Pitch
Batting: LHB Rintaro Ikeda 0-0: Ball
1-0: Ball
2-0: Foul Ball, location: 3FF
2-1: Ball
3-1: Called Strike
3-2: Strikes out looking
Batting: LHB Alfredo Salinas 0-0: Called Strike
0-1: Ball
1-1: Foul Ball, location: 23FF
1-2: Strikes out swinging
Top of the 8th over - 0 runs, 0 hits, 0 errors, 1 left on base; Toronto 0 - Houston 6
BOTTOM OF THE 8TH
Houston Astros batting - Pitching for Toronto Blue Jays : RHP Pierce Johnson
Batting: RHB Augusto Valentín 0-0: Called Strike
0-1: Ball
1-1: Swinging Strike
1-2: Ball
2-2: Ball
3-2: Foul Ball, location: 2F
3-2: Ground out 5-3 (Groundball, 25, EV 110 MPH)
Pitching: RHP Ernie Ramírez
Batting: RHB Ed Simmons 0-0: Swinging Strike
0-1: Swinging Strike
0-2: Ball
1-2: SOLO HOME RUN (Flyball, 7D, EV 90 MPH), Distance : 477 ft
Batting: SHB Ricky Aracena 0-0: Ball
1-0: Swinging Strike
1-1: Called Strike
1-2: Ball
2-2: DOUBLE (Line Drive, W LL, EV 64 MPH)
Batting: RHB Héctor Rivera 0-0: Ball
1-0: SINGLE (Flyball, 78M, EV 83 MPH)
Ricky Aracena to third
Batting: RHB Starlin Castro 0-0: Called Strike
0-1: Ball
1-1: Ball
2-1: Ball
3-1: SINGLE (Line Drive, 78D, EV 99 MPH)
Ricky Aracena scores
Héctor Rivera to second
Pinch Hitting: RHB Josh Damron 0-0: Called Strike
0-1: Swinging Strike
0-2: Ball
1-2: Strikes out swinging
Batting: LHB Devin Jones 0-0: Ball
1-0: Foul Ball, location: 9LMF
1-1: Ball
2-1: DOUBLE (Flyball, 8LXD, EV 95 MPH)
Héctor Rivera scores
Starlin Castro to third
Batting: RHB Tony Holman 0-0: Foul Ball, location: 9LMF
0-1: Ball
1-1: Foul Ball, location: 7LSF
1-2: Ball
2-2: Ball
3-2: Fly out, F2 (Popup, 2R, EV 50 MPH)
Bottom of the 8th over - 3 runs, 5 hits, 0 errors, 2 left on base; Toronto 0 - Houston 9
TOP OF THE 9TH
Toronto Blue Jays batting - Pitching for Houston Astros : RHP José Morán
Now in CF: Claude Spears
Batting: RHB Héctor Rodríguez 0-0: Ball
1-0: Called Strike
1-1: Foul Ball, location: 2F
1-2: Ball
2-2: Foul Ball, location: 23F
2-2: Ball
3-2: Strikes out swinging
Batting: LHB Robbie Miller 0-0: Ball
1-0: Ball
2-0: Foul Ball, location: 2F
2-1: Called Strike
2-2: Fly out, F8 (Flyball, 8RD, EV 104 MPH)
Batting: LHB Nick Ciuffo 0-0: Ball
1-0: Ball
2-0: Fly out, F5 (Popup, 5L, EV 55 MPH)
Top of the 9th over - 0 runs, 0 hits, 0 errors, 0 left on base; Toronto 0 - Houston 9
Sunday, September 13th , 2026 - OOTP Baseball 27.4 Build 76